 Dungeon Crawl Stone Soup version 0.29-a0-378-gc08b2e8bf8 (webtiles) character file.

Game seed: 11142768985675124621

12 lesaewzxc the Magician (level 2, 0/26 HPs)
             Began as a Troll Hedge Wizard on May 4, 2022.
             Slain by a kobold
             ... wielding a +0 dagger
              (4 damage)
             ... on level 2 of the Dungeon.
             The game lasted 00:06:17 (304 turns).

lesaewzxc the Magician (Troll Hedge Wizard)          Turns: 304, Time: 00:06:18

Health: 0/26       AC:  0    Str: 17    XL:     2   Next: 20%
Magic:  2/4        EV: 10    Int: 10    God:
Gold:   33         SH:  0    Dex: 14    Spells: 2/5 levels left

rFire   . . .      SeeInvis .   h - +10 quarterstaff "Guddoite" {drain, *Corrode rC+ Dex+5}
rCold   + . .      Faith    .   (shield currently unavailable)
rNeg    . . .      Spirit   .   b - +0 robe
rPois   .          Reflect  .   c - +0 hat
rElec   .          Harm     .   (no cloak)
rCorr   .          Rampage  .   (gloves unavailable)
Will    .....                   (boots unavailable)
Stlth   ++........              (no amulet)
HPRegen 0.88/turn               (no ring)
MPRegen 0.09/turn               (no ring)

@: corroded
A: large, unfitting armour, claws 3, regeneration 1, shaggy fur 1, tough skin 1
a: no special abilities


You were on level 2 of the Dungeon.
You visited 1 branch of the dungeon, and saw 2 of its levels.

You collected 33 gold pieces.

Inventory:

Hand Weapons
 h - the +10 quarterstaff "Guddoite" (weapon) {drain, *Corrode rC+ Dex+5}
   (You found it on level 2 of the Dungeon)

   A truly terrible weapon, it drains the life of any living foe it strikes.
   Dex:       It affects your dexterity (+5).
   rC:        It protects you from cold.
   *Corrode:  It may corrode you when you take damage.
Armour
 b - a +0 robe (worn)
 c - a +0 hat (worn)
Scrolls
 a - a scroll of identify {unknown}
 g - a scroll of noise {unknown}
Potions
 d - a potion of magic
 e - a potion of degeneration {unknown}
 f - a potion of heal wounds {unknown}


   Skills:
 * Level 0.3 Fighting
 + Level 1.6 Dodging
 + Level 1.1 Stealth
 + Level 0.2 Unarmed Combat
 + Level 2.0 Spellcasting
 + Level 0.8 Conjurations
 + Level 0.7 Summonings
 + Level 0.9 Translocations


You had 2 spell levels left.
You knew the following spells:

 Your Spells              Type           Power      Damage    Failure   Level
a - Magic Dart            Conj           8%         1d3       22%         1
b - Blink                 Tloc           4%         N/A       32%         2

Your spell library contained the following spells:

 Spells                   Type           Power      Damage    Failure   Level
 Slow                     Hex            4%         N/A       30%         1
 Call Imp                 Summ           2%         N/A       34%         2
 Conjure Flame            Conj/Fire      1%         6-21      61%         3
 Mephitic Cloud           Conj/Pois/Air  1%         N/A       63%         3


Dungeon Overview and Level Annotations

Branches:
Dungeon (2/15)

Altars:


Innate Abilities, Weirdness & Mutations

You are too large for most types of armour.
You have claws for hands.
Your natural rate of healing is unusually fast.
You are covered in fur. (AC +1)
You have tough skin. (AC +1)


Message History

Aiming: Magic Dart (safe; 22% risk of failure)
Press: ? - help, Q - select action Shift-Dir - straight line, f - kobold
Aim: a kobold, wielding a +0 dagger of distortion (100% to hit)
Okay, then.
Okay, then.
A kobold comes into view. It is wielding a +0 dagger.
You barely miss the kobold. The kobold barely misses you.
You miss the kobold.
The kobold hits you with a +0 dagger of distortion.
Space warps around you. The kobold hits you but does no damage.
Space warps around you.
A rat comes into view.
Okay, then.
Casting: Blink (quite dangerous; 32% risk of failure)
Press: ? - help, Q - select action, (/) - cycle Dir - look around, f - activate You blink.
A bat comes into view.
The bat barely misses you.
You closely miss the rat. The bat hits you but does no damage.
The rat twitches its whiskers.
The rat barely misses you.
You sock the rat!
You kill the rat!
The bat hits you but does no damage. x2
The kobold hits you with a +0 dagger of distortion.
Your corrosive artefact corrodes you!
Space warps horribly around you! The kobold hits you with a +0 dagger.
* * * LOW HITPOINT WARNING * * *
You sock the bat!
You kill the bat!
The kobold hits you with a +0 dagger of distortion.
* * * LOW HITPOINT WARNING * * *
Space warps around you.
* * * LOW HITPOINT WARNING * * *
The kobold barely misses you.
You hit the kobold.
You kill the kobold!
You feel stable enough to blink again. The kobold hits you with a +0 dagger.
You die...

# #.........# #
#.........# #
#.........# #
#.........#
#.........# #### #
#.........# ##...
#.#.#...K.....#
#....
.......@†.....#
#....
###.#!.)......#
#.... #.........#
#.... #.........#
#....
#.####.#########....
#. #........##....
#. #.######.##....
#. ## #.##....
#.......


You could see a kobold.

Vanquished Creatures
  2 ball pythons (D:2)
  An endoplasm (D:1)
  3 jackals (D:2)
  A quokka (D:2)
  3 bats (D:2)
  A kobold (D:2)
  A rat (D:2)
12 creatures vanquished.

Notes
Turn   | Place    | Note
-------+----------+-------------------------------------------
     0 | D:1      | lesaewzxc the Troll Hedge Wizard began the quest for the
                  | Orb.
     0 | D:1      | Reached XP level 1. HP: 16/16 MP: 2/2
   244 | D:2      | Reached XP level 2. HP: 21/24 MP: 0/4
   264 | D:2      | Identified the +10 quarterstaff "Guddoite" {drain, *Corrode
                  | rC+ Dex+5}
   296 | D:2      | Learned a level 2 spell: Blink
   304 | D:2      | Slain by a kobold

Illustrated notes

Levels and vault maps discovered:
D:1:      kilobyte_arrival_exit_the_forest, layout_loops_cross,
          palyth_stone_intersect, due_unseen_surprise
D:2:      layout_basic, basic_altar, shapermc_ecumenical_altar_starsandcircs

Action                   || total
-------------------------++-------
Melee: Unarmed           ||    16
       Quarterstaff      ||     6
 Cast: Magic Dart        ||     4
       Blink             ||     1
Armor: Robe              ||    13
Dodge: Dodged            ||    34

Table legend: (Time is in decaauts)
 A = Elapsed time spent in this place.
 B = Non-inter-level travel time spent in this place.
 C = Inter-level travel time spent in this place.
 D = Time resting spent in this place.
 E = Time spent auto-exploring this place.
 F = Levels seen in this place.
 G = Mean time per level.
                   A        B        C        D        E       F      G
               +--------+--------+--------+--------+--------+-----+--------+
         Total |    305 |    293 |     12 |      0 |    103 |   2 |  152.5 |
       Dungeon |    305 |    293 |     12 |      0 |    103 |   2 |  152.5 |
               +--------+--------+--------+--------+--------+-----+--------+

Top non-repeatable levels by time:
     D:2: 166 daAuts
     D:1: 139 daAuts
